 Dungeon Crawl Stone Soup version 0.29.1-15-g9cfb28693d (webtiles) character file.

Game seed: 3886246809003529714

2948 Gabide the Martial Artist (level 9, -6/56 HPs)
             Began as a Vampire Monk on Apr 15, 2023.
             Mangled by an orc knight
             ... wielding a +0 glaive
              (27 damage)
             ... in a bailey.
             The game lasted 00:13:17 (10799 turns).

Gabide the Martial Artist (Vampire Monk)           Turns: 10799, Time: 00:13:17

Health: -6/56      AC:  0    Str: 14    XL:     9   Next: 51%
Magic:  9/9        EV: 27    Int: 13    God:
Gold:   330        SH:  5    Dex: 21    Spells: 8/8 levels left

rFire   . . .      SeeInvis +     - Unarmed
rCold   + + .      Faith    .   (shield currently unavailable)
rNeg    + + +      Spirit   .   (body armour currently unavailable)
rPois   ∞          Reflect  +   (helmet currently unavailable)
rElec   .          Harm     .   (cloak currently unavailable)
rCorr   .          Rampage  .   (gloves currently unavailable)
Will    .....                   (boots currently unavailable)
Stlth   +++++.....              f - amulet of reflection
HPRegen 0.00/turn               (ring currently unavailable)
MPRegen 0.11/turn               (ring currently unavailable)

@: bat-form, flying, bloodless, inhibited regen, hasted, very quick
A: fast, flying, no casting, tiny, bloodless, fangs 3, see invisible, vampiric 2
a: Revivify, End Transformation


You were in a bailey.
You were a vampire bat.
You visited 2 branches of the dungeon, and saw 8 of its levels.
You also visited: Ossuary and Bailey.

You collected 330 gold pieces.

Inventory:

Armour
 a - a +0 robe (melded)
Jewellery
 f - an amulet of reflection (around neck)
 m - a ring of wizardry
 p - an amulet of the acrobat
Wands
 e - a wand of polymorph (10)
 k - a wand of flame (26)
 o - a wand of charming (6) (quivered)
 y - a wand of acid (10)
Scrolls
 g - a scroll of noise {unknown}
 r - a scroll of vulnerability
 u - 2 scrolls of teleportation
Potions
 b - 3 potions of ambrosia
 c - a potion of resistance
 d - 2 potions of haste
 h - 5 potions of curing
 i - 2 potions of brilliance
 j - 2 potions of flight {unknown}
 l - a potion of attraction {unknown}
 n - a potion of cancellation {unknown}
 q - a potion of invisibility {unknown}
 t - a potion of magic
 w - a potion of might


   Skills:
 + Level 6.6 Fighting
 + Level 8.0 Dodging
 - Level 3.0 Stealth
 * Level 10.8 Unarmed Combat


You had 8 spell levels left.
You didn't know any spells.
Your spell library contained the following spells:

 Spells                   Type           Power      Damage    Failure   Level
 Freeze                   Ice            0%         1d3       30%         1
 Magic Dart               Conj           0%         1d3       30%         1
 Searing Ray              Conj           0%         2d4       43%         2
 Frozen Ramparts          Ice            0%         1d1       67%         3
 Fulminant Prism          Conj/Hex       0%         3d6       97%         4
 Hailstorm                Conj/Ice       0%         3d3       97%         4
 Ice Form                 Ice/Tmut       0%         N/A       97%         4
 Summon Ice Beast         Ice/Summ       0%         N/A       97%         4


Dungeon Overview and Level Annotations

Branches:
Dungeon (7/15)             Temple (1/1) D:7         Ossuary (visited)
 Bailey (1/1)

Altars:
Ashenzari
Cheibriados
Dithmenos
Fedhas
Gozag
Hepliaklqana
Nemelex Xobeh
Okawaru
Qazlal
Sif Muna
Trog
Uskayaw
Vehumet
Wu Jian
Xom
Yredelemnul


Innate Abilities, Weirdness & Mutations

You are a vampire bat.
You are tiny and dextrous.
You move quickly.
You are flying.
You are immune to poison.
Your equipment is almost entirely melded.
You are incapable of wielding weapons or throwing items.
You cannot cast spells.
You do not regenerate when monsters are visible.
You are frail without blood (-20% HP).
You can heal yourself when you bite living creatures.
You are immune to poison.
You have razor-sharp teeth.
You have supernaturally acute eyesight. (SInv)
You are afflicted with vampirism and can become a bat while bloodless.


Message History

The orc is heavily wounded.
The orc completely misses you. The orc warrior completely misses you.
The orc closely misses you.
You bite the orc!
You kill the orc!
The orc warrior closely misses you. The orc misses you.
You closely miss the orc warrior. The orc completely misses you. x2
You barely miss the orc warrior. The orc knight misses you.
You block the orc warrior's attack. The orc hits you with a +0 trident.
The orc misses you.
You hit the orc warrior.
The orc warrior is lightly wounded.
The orc knight roars a battlecry!
The orcs go into a battle-frenzy!
The orc warrior misses you. The orc completely misses you.
You block the orc's attack.
You hit the orc warrior.
The orc warrior is moderately wounded.
You hit the orc warrior. You bite the orc warrior.
You draw the orc warrior's blood!
You feel better.
The orc warrior is heavily wounded.
The orc knight hits you from afar with a +0 glaive!!
The orc warrior completely misses you. You block the orc's attack.
The orc completely misses you.
You are too injured to fight recklessly!
You are too injured to fight recklessly!
You are too injured to fight recklessly!
You are too injured to fight recklessly!
You are too injured to fight recklessly!
You are too injured to fight recklessly!
You are too injured to fight recklessly!
You are too injured to fight recklessly!
You are too injured to fight recklessly!
You are too injured to fight recklessly!
The orc warrior barely misses you. The orc misses you.
An orc comes into view. It is wielding a +0 spear.
Okay, then.
You feel yourself speed up.
The orc knight hits you from afar with a +0 glaive!!
You die...

....o#...≈≈≈≈.....##
...##.♣.≈≈≈≈..♣....
#o.#....≈≈≈≈.......
#8.#...######......
#..#....)..........
#..'......)........
#..'...............
#..#...............
#8b#...######......
#######o.#....≈≈≈≈..♣....
.....oo..##...≈≈≈≈..♣♣...
.....oo.))#...≈≈≈≈.....##
########.$#..≈≈≈≈≈..
####..≈≈≈≈... ..≈≈≈≈≈..♣
.≈≈≈≈≈..♣♣


You could see an orc knight, an orc warrior (strong) and 4 orcs.

Vanquished Creatures
  Grinder (D:3)
  Eustachio (D:5)
  A steam dragon (D:7)
  Menkaure (D:7)
  A water moccasin (D:6)
  2 orc warriors (Bailey)
  A black bear (D:6)
  5 ice beasts
  A kobold brigand (D:7)
  3 scorpions
  2 necrophages
  2 wights (D:7)
  A troll zombie (Ossuary)
  A crimson imp (D:6)
  2 centaur zombies (Ossuary)
  A jelly (D:7)
  2 orc priests
  5 hounds
  Terence (D:2)
  Natasha (thrice) (D:2)
  An iguana (D:6)
  4 orc wizards
  2 ogre zombies (Ossuary)
  7 mummies (Ossuary)
  3 gnolls (D:4)
  9 adders
  A shadow imp (D:4)
  4 white imps
  7 adder zombies (Ossuary)
  4 dart slugs
  21 orcs
  5 bats
  6 endoplasms
  4 giant cockroaches
  17 goblins
  10 hobgoblins
  4 jackals (D:1)
  2 goblin zombies (Ossuary)
  6 hobgoblin zombies (Ossuary)
  8 kobolds
  4 kobold zombies (Ossuary)
  2 quokka zombies (Ossuary)
  4 rats
  4 rat zombies (Ossuary)
176 creatures vanquished.

Vanquished Creatures (collateral kills)
  A wight (D:7)
  An orc (D:7)
2 creatures vanquished.

Vanquished Creatures (others)
  A goblin (D:1)
1 creature vanquished.

Grand Total: 179 creatures vanquished

Notes
Turn   | Place    | Note
-------+----------+-------------------------------------------
     0 | D:1      | Gabide the Vampire Monk began the quest for the Orb.
     0 | D:1      | Reached XP level 1. HP: 17/17 MP: 1/1
   123 | D:1      | Reached XP level 2. HP: 22/23 MP: 2/2
   243 | D:1      | Found a faded altar of an unknown god.
   267 | D:1      | Reached skill level 4 in Unarmed Combat
   338 | D:1      | Gained mutation: You are afflicted with vampirism and can
                  | become a bat while bloodless. [Vampire growth]
   338 | D:1      | Reached XP level 3. HP: 29/29 MP: 3/3
  1759 | D:2      | Noticed Terence
  1829 | D:2      | Reached XP level 4. HP: 26/28 MP: 4/4
  2178 | D:2      | Noticed Natasha
  2189 | D:2      | Killed Natasha
  3412 | D:2      | Noticed Natasha
  3430 | D:2      | Killed Natasha
  3993 | D:2      | Noticed Natasha
  4012 | D:2      | Killed Natasha
  4013 | D:2      | Reached skill level 5 in Unarmed Combat
  4013 | D:2      | Reached XP level 5. HP: 32/32 MP: 5/5
  4072 | D:3      | Noticed Grinder
  4096 | D:3      | Paralysed by Grinder for 3 turns
  4102 | D:3      | Killed Grinder
  4103 | D:3      | Reached XP level 6. HP: 22/38 MP: 6/6
  4110 | D:3      | Reached skill level 6 in Unarmed Combat
  5115 | D:4      | Reached skill level 5 in Dodging
  5304 | D:4      | Found a sand-covered staircase.
  5313 | Ossuary  | Entered an ossuary
  5684 | Ossuary  | Reached XP level 7. HP: 21/43 MP: 7/7
  6084 | Ossuary  | Reached skill level 7 in Unarmed Combat
  6895 | D:4      | Noticed a +0 dagger
  6896 | D:4      | Noticed a +0 short sword
  6896 | D:4      | Noticed a +0 spear
  6896 | D:4      | Noticed a +0 spear
  6987 | D:4      | Noticed a +0 dagger
  6988 | D:4      | Noticed a +0 falchion
  6996 | D:4      | Noticed a +0 falchion
  6998 | D:4      | Noticed a +0 short sword
  7006 | D:4      | Found a hide-covered altar of Uskayaw.
  7319 | D:5      | Entered Level 5 of the Dungeon
  7364 | D:5      | Found an opulent altar of Gozag.
  7417 | D:5      | Found a shimmering blue altar of Sif Muna.
  7491 | D:5      | Reached skill level 5 in Fighting
  7491 | D:5      | Reached skill level 8 in Unarmed Combat
  7491 | D:5      | Reached XP level 8. HP: 49/49 MP: 8/8
  8106 | D:5      | Noticed Eustachio
  8119 | D:5      | Killed Eustachio
  8240 | D:2      | Killed Terence
  8492 | D:6      | Reached skill level 9 in Unarmed Combat
  8630 | D:6      | Found a snail-covered altar of Cheibriados.
  9065 | D:6      | Reached XP level 9. HP: 50/55 MP: 9/9
  9945 | D:7      | Found a staircase to the Ecumenical Temple.
  9965 | D:7      | Reached skill level 10 in Unarmed Combat
 10086 | Temple   | Entered the Ecumenical Temple
 10411 | D:7      | Noticed Menkaure
 10420 | D:7      | Killed Menkaure
 10640 | D:7      | Found a flagged portal.
 10653 | Bailey   | Entered a bailey
 10785 | Bailey   | Noticed an orc knight
 10799 | Bailey   | Mangled by an orc knight

Illustrated notes

Levels and vault maps discovered:
D:1:      ncdulo_halloftheorcs, layout_basic, chequers_ecumenical_altar_island
D:2:      layout_basic, uniq_natasha, uniq_terence
D:3:      layout_basic, uniq_grinder
D:4:      layout_loops_corners, nicolae_uskayaw_en_pointe, enter_ossuary_1,
          corexii_corridor_pit, st_stairs_13
D:5:      layout_loops_cross, tgw_sif, old_standard_altar, uniq_eustachio
D:6:      layout_layer_cave, elyvilon_altar_3, mainiacjoe_overflow_alcove_4,
          minmay_fire_ice_demons
D:7:      layout_cave_pools, zin_academy, minmay_temple_entry_stoned_glass,
          enter_bailey_7, minivault_26, uniq_menkaure
Temple:   nicolae_temple_bog_church
Bailey:   bailey_polearm_elven_captive_hellmonk, bailey

Skill      XL: |  1  2  3  4  5  6  7  8  9 |
---------------+----------------------------+-----
Fighting       | 3 4 5 6 |  6.6
Unarmed Combat | 4 5 6 8 9 10 | 10.8
Dodging        | 4 5 6 7 8 |  8.0
Stealth        | |  3.0

Action                   |  1- 3 |  4- 6 |  7- 9 || total
-------------------------+-------+-------+-------++-------
Melee: Unarmed           |   119 |   184 |   444 ||   747
       Bite              |    10 |    26 |    62 ||    98
       Punch             |     2 |       |       ||     2
 Abil: Bat Form          |     1 |       |       ||     1
       Exsanguinate      |     1 |       |       ||     1
Evoke: Wand              |       |    15 |    13 ||    28
  Use: Scroll            |       |     3 |    16 ||    19
       Potion            |       |     2 |     3 ||     5
 Stab: Sleeping          |    11 |    19 |    20 ||    50
       Distracted        |     1 |     1 |     1 ||     3
Armor: Robe              |     2 |       |       ||     2
Dodge: Dodged            |    82 |    90 |   345 ||   517
Block: Other             |     8 |    24 |    71 ||   103
